 Dungeon Crawl Stone Soup version 0.31-a0-851-g7ff8af7976 (webtiles) character file.

Game seed: 6886850788243821593

5872 DocEon the Cleaver (level 10, 0/86 HPs)
             Began as a Minotaur Berserker on Oct 5, 2023.
             Was an Elder of Trog.
             Slain by Grum
             ... wielding a -2 spear
              (2 damage)
             ... on level 9 of the Dungeon.
             The game lasted 00:07:13 (8707 turns).

DocEon the Cleaver (Minotaur Berserker)             Turns: 8707, Time: 00:07:13

Health: 0/86       AC: 16    Str: 24    XL:     10   Next: 52%
Magic:  9/9        EV: 10    Int:  4    God:    Trog [****..]
Gold:   425        SH:  3    Dex: 12    Spells: 9/9 levels left

rFire   . . .        a - +0 broad axe
rCold   . . .        u - +0 buckler
rNeg    . . .        l - +4 chain mail
rPois   +            (helmet restricted)
rElec   .            s - +0 cloak {rPois}
rCorr   .            (no gloves)
SInv    .            (no boots)
Will    .....        (no amulet) Stlth
                     (no ring)
HPRegen 0.34/turn    (no ring)
MPRegen 0.11/turn

%: no passive effects
@: on berserk cooldown, slowed, very slow
A: horns 2, retaliatory headbutt
a: Renounce Religion, Berserk, Trog's Hand, Brothers in Arms


You were on level 9 of the Dungeon.
You worshipped Trog.
Trog was greatly pleased with you.
You visited 1 branch of the dungeon, and saw 9 of its levels.
You also visited: Sewer.

You collected 425 gold pieces.

Inventory:

Hand Weapons
 a - a +0 broad axe (weapon)
 b - a +2 whip of flaming
Armour
 l - a +4 chain mail (worn)
 s - a +0 cloak of poison resistance (worn)
 u - a +0 buckler (worn)
Jewellery
 d - a ring of ice
 o - a ring of fire
Wands
 n - a wand of paralysis (16)
 v - a wand of iceblast (9)
Scrolls
 c - 10 scrolls of teleportation
 f - 2 scrolls of fear
 t - a scroll of poison {unknown}
Potions
 e - 2 potions of might
 g - 3 potions of enlightenment {unknown}
 h - 2 potions of magic {unknown}
 i - a potion of resistance {unknown}
 j - 3 potions of haste {unknown}
 k - 3 potions of attraction
 m - 2 potions of curing {unknown}
 p - 3 potions of mutation {unknown}
 q - 2 potions of berserk rage {unknown}
 r - a potion of lignification {unknown}
 w - a potion of heal wounds {unknown}


   Skills:
 + Level 7.0 Fighting
 + Level 14.9 Axes
 * Level 8.8 Armour
 + Level 5.8 Dodging


You had 9 spell levels left.
You didn't know any spells.
Your spell library was empty.

Dungeon Overview and Level Annotations

Branches:
Dungeon (9/15)             Temple (0/1) D:7            Lair (0/5) D:8
  Sewer (visited)
    Orc: D:9-12

Altars:
Elyvilon
Fedhas
Hepliaklqana
Makhleb
Nemelex Xobeh
Okawaru
Qazlal
Ru
Trog
Uskayaw
Wu Jian
Xom
Yredelemnul
The Shining One

Shops:
D:8 =

Annotations:
D:9 Grum


Innate Abilities, Weirdness & Mutations

You have a pair of horns on your head.
You reflexively headbutt those who attack you in melee.


Message History

You are exhausted.
You feel yourself slow down.
The wolf howls!
You hear a howl!
Grum hits you from afar with a -2 spear!
Things that are here:
a yak corpse; a yak corpse You are too injured to fight recklessly!
You are too injured to fight recklessly!
The wolf attacks as it pursues you! The wolf bites you but does no damage.
The wolf misses you.
Grum sniffs the air and quickly glances around.
Things that are here:
a yak corpse; a yak corpse An orc wizard comes into view.
It is wielding a +0 dagger.
The orc wizard shouts!
The wolf attacks as it pursues you! The wolf closely misses you. x2
Grum attacks as he pursues you! You block Grum's attack.
The orc wizard casts a spell at you. The puff of flame hits you.
The wolf barely misses you.
Grum stares intently and growls.
You block Grum's attack. The wolf attacks as it pursues you!
The wolf closely misses you. The wolf bites you but does no damage.
The wolf bites you!
An orc comes into view. It is wielding a +0 club.
Grum hits you but does no damage. The wolf bites you.
* * * LOW HITPOINT WARNING * * *
The orc shouts!
The wolf bites you!
* * * LOW HITPOINT WARNING * * *
The wolf bites you!
* * * LOW HITPOINT WARNING * * *
The wolf closely misses you. You block Grum's attack.
The orc wizard casts a spell at you.
The puff of flame hits you but does no damage.
The wolf bites you but does no damage. x2; The wolf completely misses you.
The orc wizard casts a spell at you. The magic dart hits you!
* * * LOW HITPOINT WARNING * * *
Grum hits you from afar with a -2 spear.
You die...

.
..###################
..[..................
.......).............
.......†$............
....)..††............
.......g......o......
..<.....hhh...o......
.........@.).........
.......÷)......).....
..............$......
..###################


You could see Grum, 3 wolves, an orc wizard and an orc.

Vanquished Creatures
  Pikel (D:5)
  The ghost of Tollund the Caller, an amateur DsSu (D:4)
  Grinder (D:3)
  Prince Ribbit (D:5)
  A wyvern (D:7)
  9 yaks
  A wraith (D:9)
  Edmund (D:5)
  Duvessa (D:5)
  A water moccasin (D:7)
  2 sky beasts
  A black bear (D:5)
  3 ice beasts
  2 orc warriors
  Pargi (Sewer)
  3 ogres (D:6)
  A centaur (D:9)
  2 lemures (D:5)
  A kobold brigand (D:6)
  Blork the orc (D:5)
  2 scorpions (D:5)
  5 wights (D:8)
  Dowan (D:5)
  3 howler monkeys
  7 hounds
  6 orc priests
  A gnoll bouda (D:4)
  Crazy Yiuf (D:6)
  2 jellies
  3 sleepcaps
  2 iguanas
  10 orc wizards
  A centaur simulacrum (D:4)
  4 gnolls (D:4)
  10 adders
  A hound simulacrum (D:4)
  A shadow imp (D:6)
  A white imp (D:4)
  2 howler monkey simulacra (D:4)
  A worm (D:3)
  A dart slug (D:3)
  An adder simulacrum (D:4)
  21 orcs
  6 bats
  8 endoplasms
  7 giant cockroaches
  10 goblins
  8 hobgoblins
  8 jackals
  15 kobolds
  2 quokkas
  9 ball pythons
  2 frilled lizards
  A jackal simulacrum (D:4)
  6 rats
204 creatures vanquished.

Notes
Turn   | Place    | Note
-------+----------+-------------------------------------------
     0 | D:1      | DocEon the Minotaur Berserker began the quest for the Orb.
     0 | D:1      | Reached XP level 1. HP: 19/19 MP: 0/0
   177 | D:1      | Reached skill level 4 in Axes
   192 | D:1      | Reached XP level 2. HP: 25/26 MP: 1/1
   791 | D:2      | Reached skill level 5 in Axes
   817 | D:2      | Reached XP level 3. HP: 26/31 MP: 2/2
   906 | D:2      | Reached ** piety under Trog
  1692 | D:3      | Reached XP level 4. HP: 39/39 MP: 3/3
  1698 | D:3      | Reached skill level 6 in Axes
  2097 | D:3      | Noticed Grinder
  2124 | D:3      | Killed Grinder
  2125 | D:3      | Reached skill level 8 in Axes
  2125 | D:3      | Reached XP level 5. HP: 45/45 MP: 4/4
  2125 | D:3      | Reached XP level 6. HP: 51/51 MP: 5/5
  2305 | D:3      | Found a blossoming altar of Fedhas.
  2339 | D:3      | Found a glowing golden altar of the Shining One.
  2666 | D:4      | Found a shimmering altar of Xom.
  2886 | D:4      | Reached skill level 9 in Axes
  2959 | D:4      | Found a hide-covered altar of Uskayaw.
  3033 | D:4      | Found a runed translucent gate.
  3033 | D:4      | Found a runed translucent gate.
  3033 | D:4      | Found a runed translucent gate.
  3237 | D:4      | Reached *** piety under Trog
  3501 | D:4      | Noticed Tollund's ghost (amateur DsSu)
  3501 | D:4      | Noticed an ice beast
  3534 | D:4      | Killed an ice beast
  3535 | D:4      | Reached skill level 10 in Axes
  3535 | D:4      | Reached XP level 7. HP: 57/57 MP: 6/6
  3553 | D:4      | Killed Tollund's ghost
  3732 | D:5      | Entered Level 5 of the Dungeon
  3763 | D:5      | Reached skill level 11 in Axes
  3862 | D:5      | Noticed Dowan
  3866 | D:5      | Noticed Duvessa
  3871 | D:5      | Killed Dowan
  3877 | D:5      | Reached XP level 8. HP: 49/64 MP: 7/7
  3884 | D:5      | Killed Duvessa
  4012 | D:5      | Noticed Blork the orc
  4018 | D:5      | Reached skill level 12 in Axes
  4019 | D:5      | Killed Blork the orc
  4047 | D:5      | Found a glowing drain.
  4062 | Sewer    | Entered a sewer
  4065 | Sewer    | Noticed Pargi
  4076 | Sewer    | Killed Pargi
  4244 | D:5      | Noticed Prince Ribbit
  4266 | D:5      | Killed Prince Ribbit
  4267 | D:5      | Reached skill level 13 in Axes
  4407 | D:5      | Noticed Pikel
  4425 | D:5      | Killed Pikel
  4426 | D:5      | Reached skill level 14 in Axes
  4426 | D:5      | Reached XP level 9. HP: 71/71 MP: 8/8
  4892 | D:5      | Noticed Edmund
  4905 | D:5      | Killed Edmund
  5556 | D:6      | Found a runed translucent door.
  5557 | D:6      | Noticed Crazy Yiuf
  5847 | D:6      | Found a basalt altar of Yredelemnul.
  5863 | D:6      | Reached skill level 5 in Armour
  6080 | D:6      | Reached skill level 5 in Fighting
  6132 | D:6      | Found a stormy altar of Qazlal.
  6336 | D:6      | Found an iron altar of Okawaru.
  6336 | D:6      | Found a hazy altar of Hepliaklqana.
  6570 | D:6      | Killed Crazy Yiuf
  6961 | D:7      | Found a staircase to the Ecumenical Temple.
  7123 | D:7      | Found a burning altar of Makhleb.
  7432 | D:7      | Found a sacrificial altar of Ru.
  7498 | D:7      | Reached XP level 10. HP: 81/83 MP: 9/9
  7661 | D:8      | Found a bloodstained altar of Trog.
  7682 | D:8      | Reached skill level 5 in Dodging
  7757 | D:8      | Found a sparkling altar of Nemelex Xobeh.
  7885 | D:8      | Found a staircase to the Lair.
  8052 | D:8      | Found Irphaggu's Jewellery Shoppe.
  8128 | D:8      | Found a white marble altar of Elyvilon.
  8182 | D:8      | Found an ornate altar of the Wu Jian Council.
  8384 | D:8      | Reached **** piety under Trog
  8695 | D:9      | Noticed Grum
  8707 | D:9      | HP: 2/86 [orc wizard/magic dart (7)]
  8707 | D:9      | Slain by Grum

Illustrated notes

Levels and vault maps discovered:
D:1:      dpeg_arrival_castle, layout_basic, nicolae_twisty_statue_hallways
D:2:      layout_basic, corexii_leaking_fountain
D:3:      layout_basic, mainiacjoe_overflow_chevrons, lemuel_doored_altar,
          minmay_fractal_squares_gapless_5, uniq_grinder
D:4:      layout_basic, mainiacjoe_overflow_24_doors,
          nicolae_overflow_crystal_walls, gammafunk_ghost_icy
D:5:      layout_loops_corners, portal_sewer_entry_a, serial_glass,
          glass_columns_a, glass_columns_b, uniq_blork_the_orc, uniq_edmund,
          uniq_pikel, uniq_prince_ribbit1, uniq_duvessa
D:6:      layout_basic, yredelemnul_altar_generic, amcnicky_altar_gilded,
          gammafunk_temple_overflow_statue, uniq_crazy_yiuf_cottage
D:7:      layout_cave_pools, mainiacjoe_overflow_alcove_4,
          nicolae_ru_path_of_blood, minmay_temple_entry_gardened_gates
D:8:      layout_loops_ring, kennysheep_mini_moat,
          mainiacjoe_overflow_cross_hatched, mainiacjoe_overflow_tiny_flanked,
          mainiacjoe_overflow_paths, lair_entry_dummy, serial_aquarium,
          aquarium_bridge_square [aquarium_subvault_bridge,
          aquarium_subvault_window, aquarium_subvault_balcony,
          aquarium_subvault_wall], aquarium_window_1, aquarium_window_2,
          aquarium_view_2d, aquarium_view_2d, aquarium_balcony_3a,
          aquarium_pool_split, serial_shops, nicolae_shop_gaudy_bauble
D:9:      layout_cross, ebering_ghost_funeral_grove, item_on_display_a,
          uniq_grum

Skill      XL: |  1  2  3  4  5  6  7  8  9 10 |
---------------+-------------------------------+-----
Axes           | 4 5 8 10 11 14 | 14.9
Fighting       | 4 5 7 |  7.0
Armour         | 3 7 8 |  8.8
Dodging        | 4 5 |  5.8

Action                     |  1- 3 |  4- 6 |  7- 9 | 10-12 || total
---------------------------+-------+-------+-------+-------++-------
  Melee: Hand axe          |    88 |   113 |   262 |       ||   463
         Headbutt          |    20 |    21 |    70 |     7 ||   118
         Broad axe         |       |       |    66 |    60 ||   126
         Punch             |       |       |     2 |       ||     2
 Invoke: Berserk           |       |     2 |     6 |     2 ||    10
         Trog's Hand       |       |     1 |     4 |       ||     5
    Use: Scroll            |       |     6 |     5 |       ||    11
   Stab: Sleeping          |     1 |       |       |       ||     1
 Armour: Animal skin       |    64 |       |       |       ||    64
         Chain mail        |     6 |    75 |   241 |    79 ||   401
  Dodge: Dodged            |    53 |    41 |    96 |    31 ||   221
  Block: Buckler           |       |       |       |     9 ||     9

Table legend: (Time is in decaauts)
 A = Elapsed time spent in this place.
 B = Non-inter-level travel time spent in this place.
 C = Inter-level travel time spent in this place.
 D = Time resting spent in this place.
 E = Time spent auto-exploring this place.
 F = Levels seen in this place.
 G = Mean time per level.
                   A        B        C        D        E       F      G
               +--------+--------+--------+--------+--------+-----+--------+
         Total |   8698 |   8355 |    343 |   1259 |   5849 |  10 |  869.8 |
       Dungeon |   8538 |   8195 |    343 |   1259 |   5726 |   9 |  948.7 |
         Sewer |    159 |    159 |      0 |      0 |    123 |   1 |  159.0 |
               +--------+--------+--------+--------+--------+-----+--------+

Top non-repeatable levels by time:
     D:6: 1473 daAuts
     D:5: 1341 daAuts
     D:4: 1145 daAuts
     D:8: 1014 daAuts
     D:3: 993 daAuts
     D:7: 872 daAuts
     D:2: 826 daAuts
     D:1: 777 daAuts
   Sewer: 159 daAuts
     D:9: 93 daAuts
